3L
OAKLAND OAKS @ MONTANA PANDAS
09/18/2021
 
TOP OF THE 1ST
Oakland Oaks batting - Pitching for Montana Pandas : RHP Louis Webber
Pitching: RHP Louis Webber
Batting: RHB Rafael Najcrea 0-0: Called Strike
0-1: Called Strike
0-2: Foul Ball, location: 2F
0-2: Ground out 4-3 (Groundball, 4M)
Batting: LHB Johnny Hernández 0-0: Foul Ball, location: 2F
0-1: Foul Ball, location: 2F
0-2: Ball
1-2: Strikes out swinging
Batting: RHB Gabriel Maldonado 0-0: Called Strike
0-1: Ball
1-1: Ball
2-1: Ground out 6-3 (Groundball, 6)
Top of the 1st over - 0 run(s), 0 hit(s), 0 error(s), 0 left on base; Oakland 0 - Montana 0
BOTTOM OF THE 1ST
Montana Pandas batting - Pitching for Oakland Oaks : RHP Matt Webber
Pitching: RHP Matt Webber
Batting: LHB Tomás Guillén 0-0: Called Strike
0-1: Ball
1-1: Swinging Strike
1-2: Strikes out looking
Batting: LHB Jeff Lee 0-0: Foul Ball, location: 2F
0-1: Called Strike
0-2: Ground out 4-3 (Groundball, 4)
Batting: LHB Andrés Ibarra 0-0: Ball
1-0: Called Strike
1-1: Called Strike
1-2: Strikes out swinging
Bottom of the 1st over - 0 run(s), 0 hit(s), 0 error(s), 0 left on base; Oakland 0 - Montana 0
TOP OF THE 2ND
Oakland Oaks batting - Pitching for Montana Pandas : RHP Louis Webber
Batting: LHB Todd Williams 0-0: Swinging Strike
0-1: Ball
1-1: Fly out, F8 (Flyball, 8RD)
Batting: RHB Jim Lee 0-0: Ball
1-0: Ball
2-0: Ground out 6-3 (Groundball, 6)
Batting: RHB Alden Wiley 0-0: Foul Ball, location: 2F
0-1: Ball
1-1: Ground out 1-3 (Groundball, 13S)
Top of the 2nd over - 0 run(s), 0 hit(s), 0 error(s), 0 left on base; Oakland 0 - Montana 0
BOTTOM OF THE 2ND
Montana Pandas batting - Pitching for Oakland Oaks : RHP Matt Webber
Batting: LHB Steve Riggs 0-0: Ball
1-0: Called Strike
1-1: Ground out 4-3 (Groundball, 4M)
Batting: LHB Luis Costello 0-0: DOUBLE (Flyball, 89D)
Batting: RHB John Farrell 0-0: Reached on error, E5 (Groundball, 5S)
Luis Costello scores
Batting: RHB Ron Ward 0-0: Ball
1-0: Called Strike
1-1: Ball
2-1: Swinging Strike
2-2: Strikes out swinging
Batting: LHB Albert González 0-0: Ball
1-0: Ground out 4-3 (Groundball, 4)
Bottom of the 2nd over - 1 run(s), 1 hit(s), 1 error(s), 1 left on base; Oakland 0 - Montana 1
TOP OF THE 3RD
Oakland Oaks batting - Pitching for Montana Pandas : RHP Louis Webber
Batting: SHB Al Anderson 0-0: Ball
1-0: Ball
2-0: Foul Ball, location: 2F
2-1: Reached on error, E6 (Groundball, 6M)
Batting: LHB Edwin Church 0-0: Foul Ball, location: 2F
0-1: Swinging Strike
0-2: Fly out, F7 (Flyball, 78S)
Batting: RHB Shi-young Chang 0-0: Ball
1-0: Foul Ball, location: 2F
1-1: Called Strike
1-2: Grounds into double play, U6-3 (Groundball, 6M)
Top of the 3rd over - 0 run(s), 0 hit(s), 1 error(s), 0 left on base; Oakland 0 - Montana 1
BOTTOM OF THE 3RD
Montana Pandas batting - Pitching for Oakland Oaks : RHP Matt Webber
Batting: RHB Pancho Salaedo 0-0: Called Strike
0-1: SINGLE (Line Drive, 6M)
Batting: LHB Tomás Guillén 0-0: Ball
1-0: Called Strike
1-1: Swinging Strike
1-2: Ball
2-2: Strikes out swinging
Batting: LHB Jeff Lee 0-0: Called Strike
0-1: Ball
1-1: Called Strike
1-2: Ball
2-2: Foul Ball, location: 2F
2-2: Ball
3-2: Base on Balls
Pancho Salaedo to second
Batting: LHB Andrés Ibarra 0-0: Called Strike
0-1: Ball
1-1: Swinging Strike
1-2: Strikes out swinging
Batting: LHB Steve Riggs 0-0: Called Strike
0-1: Ball
1-1: Foul Ball, location: 2F
1-2: Ball
2-2: Ball
3-2: Base on Balls
Pancho Salaedo to third
Jeff Lee to second
Batting: LHB Luis Costello 0-0: Ball
1-0: Foul Ball, location: 2F
1-1: Ground out 4-3 (Groundball, 4)
Bottom of the 3rd over - 0 run(s), 1 hit(s), 0 error(s), 3 left on base; Oakland 0 - Montana 1
TOP OF THE 4TH
Oakland Oaks batting - Pitching for Montana Pandas : RHP Louis Webber
Batting: RHB Rafael Najcrea 0-0: Called Strike
0-1: Swinging Strike
0-2: Ground out 6-3 (Groundball, 6)
Batting: LHB Johnny Hernández 0-0: Foul Ball, location: 2F
0-1: Swinging Strike
0-2: Fly out, F7 (Flyball, 78S)
Batting: RHB Gabriel Maldonado 0-0: Called Strike
0-1: Fly out, F8 (Popup, 8RS)
Top of the 4th over - 0 run(s), 0 hit(s), 0 error(s), 0 left on base; Oakland 0 - Montana 1
BOTTOM OF THE 4TH
Montana Pandas batting - Pitching for Oakland Oaks : RHP Matt Webber
Batting: RHB John Farrell 0-0: Ball
1-0: SINGLE (Flyball, 4D)
Batting: RHB Ron Ward 0-0: Ball
1-0: Ground out 5-3 (Groundball, 15S)
John Farrell to second
Batting: LHB Albert González 0-0: SINGLE (Line Drive, 4D)
John Farrell to third
Batting: RHB Pancho Salaedo 0-0: Ball
1-0: Ball
2-0: Fly out, F3 (Popup, 3SF)
Batting: LHB Tomás Guillén 0-0: Ball
1-0: Ball
2-0: Ball
3-0: Called Strike
3-1: Base on Balls
Albert González to second
Batting: LHB Jeff Lee 0-0: Ball
1-0: Foul Ball, location: 2F
1-1: Ground out 4-3 (Groundball, 4)
Bottom of the 4th over - 0 run(s), 2 hit(s), 0 error(s), 3 left on base; Oakland 0 - Montana 1
TOP OF THE 5TH
Oakland Oaks batting - Pitching for Montana Pandas : RHP Louis Webber
Batting: LHB Todd Williams 0-0: Ball
1-0: Ball
2-0: Ball
3-0: Called Strike
3-1: Base on Balls
Batting: RHB Jim Lee 0-0: Ball
1-0: Called Strike
1-1: SINGLE (Line Drive, 3)
Todd Williams to second
Batting: RHB Alden Wiley 0-0: Bunted foul
0-1: Bunt missed!
0-2: Ball
1-2: Strikes out swinging
Batting: SHB Al Anderson 0-0: Called Strike
0-1: Ball
1-1: Ball
2-1: Called Strike
2-2: Foul Ball, location: 2F
2-2: Ball
3-2: Foul Ball, location: 2F
3-2: Grounds into double play, 4-6-3 (Groundball, 4)
Top of the 5th over - 0 run(s), 1 hit(s), 0 error(s), 1 left on base; Oakland 0 - Montana 1
BOTTOM OF THE 5TH
Montana Pandas batting - Pitching for Oakland Oaks : RHP Matt Webber
Batting: LHB Andrés Ibarra 0-0: Swinging Strike
0-1: Ball
1-1: Called Strike
1-2: Foul Ball, location: 2F
1-2: Fly out, F7 (Popup, 7S)
Batting: LHB Steve Riggs 0-0: Foul Ball, location: 2F
0-1: Ball
1-1: Swinging Strike
1-2: Foul Ball, location: 2F
1-2: Ball
2-2: Foul Ball, location: 2F
2-2: Ground out 1-3 (Groundball, 15)
Batting: LHB Luis Costello 0-0: Called Strike
0-1: SINGLE (Line Drive, 56D)
Batting: RHB John Farrell 0-0: Fly out, F9 (Flyball, 9LS)
Bottom of the 5th over - 0 run(s), 1 hit(s), 0 error(s), 1 left on base; Oakland 0 - Montana 1
TOP OF THE 6TH
Oakland Oaks batting - Pitching for Montana Pandas : RHP Louis Webber
Batting: LHB Edwin Church 0-0: Called Strike
0-1: Fly out, F5 (Popup, 7S)
Batting: RHB Shi-young Chang 0-0: Called Strike
0-1: Ball
1-1: Called Strike
1-2: SINGLE (Groundball, 56)
Batting: RHB Rafael Najcrea 0-0: Ball
1-0: Foul Ball, location: 2F
1-1: Ball
2-1: SINGLE (Line Drive, 4D)
Shi-young Chang to second
Batting: LHB Johnny Hernández 0-0: Ball
1-0: Ball
2-0: Ball
3-0: Called Strike
3-1: Base on Balls
Shi-young Chang to third
Rafael Najcrea to second
Pitching: RHP Stephen Dowell
Batting: RHB Gabriel Maldonado 0-0: Ball
1-0: Ball
2-0: Ball
3-0: Called Strike
3-1: Foul Ball, location: 2F
3-2: Base on Balls
Shi-young Chang scores
Rafael Najcrea to third
Johnny Hernández to second
Batting: LHB Todd Williams 0-0: Ball
1-0: Ball
2-0: Ball
3-0: Called Strike
3-1: Base on Balls
Rafael Najcrea scores
Johnny Hernández to third
Gabriel Maldonado to second
Batting: RHB Jim Lee 0-0: Ball
1-0: Ball
2-0: Ground out 5-3 (Groundball, 5S)
Johnny Hernández scores
Gabriel Maldonado to third
Todd Williams to second
Batting: RHB Alden Wiley 0-0: Called Strike
0-1: SINGLE (Groundball, 56)
Gabriel Maldonado scores
Todd Williams to third
Runner from 3rd tries for Home, throw and OUT!
Top of the 6th over - 4 run(s), 3 hit(s), 0 error(s), 1 left on base; Oakland 4 - Montana 1
BOTTOM OF THE 6TH
Montana Pandas batting - Pitching for Oakland Oaks : RHP Matt Webber
Batting: RHB Ron Ward 0-0: Ball
1-0: Ball
2-0: Foul Ball, location: 2F
2-1: Ball
3-1: Called Strike
3-2: Ground out 6-3 (Groundball, 6)
Batting: LHB Albert González 0-0: Ball
1-0: Fly out, F9 (Flyball, 9LM)
Batting: RHB Pancho Salaedo 0-0: Foul Ball, location: 2F
0-1: Ground out 5-3 (Groundball, 5L)
Bottom of the 6th over - 0 run(s), 0 hit(s), 0 error(s), 0 left on base; Oakland 4 - Montana 1
TOP OF THE 7TH
Oakland Oaks batting - Pitching for Montana Pandas : RHP Stephen Dowell
Batting: SHB Al Anderson 0-0: Ball
1-0: Called Strike
1-1: Ball
2-1: Ball
3-1: Base on Balls
Batting: LHB Edwin Church 0-0: Swinging Strike
0-1: Foul Ball, location: 2F
0-2: Strikes out swinging
Batting: RHB Shi-young Chang 0-0: Called Strike
0-1: Ball
1-1: Ball
2-1: Ball
3-1: SINGLE (Line Drive, 78M)
Al Anderson to second
Batting: RHB Rafael Najcrea 0-0: Foul Ball, location: 2F
0-1: Ball
1-1: Fly out, F7 (Flyball, 78M)
Batting: LHB Johnny Hernández 0-0: Ball
1-0: Foul Ball, location: 2F
1-1: Ground out 4-3 (Groundball, 4)
Top of the 7th over - 0 run(s), 1 hit(s), 0 error(s), 2 left on base; Oakland 4 - Montana 1
BOTTOM OF THE 7TH
Montana Pandas batting - Pitching for Oakland Oaks : RHP Matt Webber
Batting: LHB Tomás Guillén 0-0: Called Strike
0-1: Called Strike
0-2: Ball
1-2: Ball
2-2: Foul Ball, location: 2F
2-2: Ball
3-2: Fly out, F8 (Flyball, 8RD)
Batting: LHB Jeff Lee 0-0: Ball
1-0: Called Strike
1-1: Swinging Strike
1-2: Ball
2-2: Strikes out swinging
Batting: LHB Andrés Ibarra 0-0: Called Strike
0-1: Foul Ball, location: 2F
0-2: Ball
1-2: Ball
2-2: Strikes out looking
Bottom of the 7th over - 0 run(s), 0 hit(s), 0 error(s), 0 left on base; Oakland 4 - Montana 1
TOP OF THE 8TH
Oakland Oaks batting - Pitching for Montana Pandas : RHP Stephen Dowell
Batting: RHB Gabriel Maldonado 0-0: Foul Ball, location: 2F
0-1: Called Strike
0-2: Fly out, F8 (Flyball, 8RXD)
Batting: LHB Todd Williams 0-0: Ball
1-0: Ball
2-0: Ball
3-0: Base on Balls
Pitching: RHP Jorge Cantú
Batting: RHB Jim Lee 0-0: Ball
1-0: Called Strike
1-1: Ball
Todd Williams is caught stealing 2nd base
2-1: Ball
3-1: Called Strike
3-2: Strikes out looking
Top of the 8th over - 0 run(s), 0 hit(s), 0 error(s), 0 left on base; Oakland 4 - Montana 1
BOTTOM OF THE 8TH
Montana Pandas batting - Pitching for Oakland Oaks : RHP Matt Webber
Pitching: LHP John Keller
Batting: LHB Steve Riggs 0-0: Called Strike
0-1: Ball
1-1: Foul Ball, location: 2F
1-2: Foul Ball, location: 2F
1-2: Foul Ball, location: 2F
1-2: Ball
2-2: Ball
3-2: Strikes out swinging
Batting: LHB Luis Costello 0-0: Called Strike
0-1: Ball
1-1: Called Strike
1-2: Ball
2-2: Strikes out swinging
Batting: RHB John Farrell 0-0: Foul Ball, location: 2F
0-1: Called Strike
0-2: Ball
1-2: DOUBLE (Flyball, 8LD)
Pitching: RHP Clemente Prista
Batting: RHB Ron Ward 0-0: Ball
1-0: DOUBLE (Line Drive, 7LD)
John Farrell scores
Pitching: LHP Ronald Harmon
Batting: LHB Albert González 0-0: Called Strike
0-1: Ball
1-1: Foul Ball, location: 2F
1-2: Strikes out swinging
Bottom of the 8th over - 1 run(s), 2 hit(s), 0 error(s), 1 left on base; Oakland 4 - Montana 2
TOP OF THE 9TH
Oakland Oaks batting - Pitching for Montana Pandas : RHP Jorge Cantú
Batting: RHB Alden Wiley 0-0: Called Strike
0-1: Ball
1-1: Ball
2-1: Ball
3-1: Foul Ball, location: 2F
3-2: Base on Balls
Batting: SHB Al Anderson 0-0: Ball
1-0: Called Strike
1-1: Foul Ball, location: 2F
1-2: Ball
2-2: 2-RUN HOME RUN (Flyball, 89XD), Distance : 380 ft
Pitching: LHP Bob Stewart
Batting: LHB Edwin Church 0-0: Ball
1-0: Foul Ball, location: 2F
1-1: SINGLE (Line Drive, 3D)
Batting: RHB Shi-young Chang 0-0: Ball
1-0: Fly out, F5 (Line Drive, 5)
Batting: RHB Rafael Najcrea 0-0: SINGLE (Groundball, 6MD)
Edwin Church to second
Batting: LHB Johnny Hernández 0-0: Foul Ball, location: 2F
0-1: Foul Ball, location: 2F
0-2: Grounds into double play, 4-6-3 (Groundball, 4)
Top of the 9th over - 2 run(s), 3 hit(s), 0 error(s), 1 left on base; Oakland 6 - Montana 2
BOTTOM OF THE 9TH
Montana Pandas batting - Pitching for Oakland Oaks : LHP Ronald Harmon
Batting: RHB Pancho Salaedo 0-0: Swinging Strike
0-1: Foul Ball, location: 2F
0-2: Foul Ball, location: 2F
0-2: Strikes out looking
Batting: LHB Tomás Guillén 0-0: Called Strike
0-1: SINGLE (Groundball, 5D)
Batting: LHB Jeff Lee 0-0: Called Strike
0-1: Called Strike
0-2: Foul Ball, location: 2F
0-2: Ball
1-2: Ball
2-2: Foul Ball, location: 2F
2-2: Fly out, F8 (Flyball, 8LM)
Batting: LHB Andrés Ibarra 0-0: Ball
1-0: Ball
2-0: Ball
3-0: Base on Balls
Tomás Guillén to second
Pitching: RHP Robert Anderson
Batting: LHB Steve Riggs 0-0: Called Strike
0-1: Ground out 4-3 (Groundball, 4)
Bottom of the 9th over - 0 run(s), 1 hit(s), 0 error(s), 2 left on base; Oakland 6 - Montana 2
This league is powered by Out of the Park Baseball, the baseball management simulation game for PC, Mac and Linux
Friday, January 22nd, 2016 - OOTP Baseball 16.9 Build 39